 Dungeon Crawl Stone Soup version 0.31.0-9-g3a7656b989 (webtiles) character file.

Game seed: 8599606897652336693

1133 qw the Skirmisher (level 8, -8/46 HPs)
             Began as a Deep Elf Hunter on Feb 2, 2024.
             Killed by nerve-wracking pain
             ... invoked by an orc priest
              (13 damage)
             ... on level 5 of the Dungeon.
             The game lasted 00:00:22 (4748 turns).

qw the Skirmisher (Deep Elf Hunter)                 Turns: 4748, Time: 00:00:22

Health: -8/46      AC:  7    Str: 10    XL:     8   Next: 14%
Magic:  10/10      EV: 19    Int: 15    God:
Gold:   322        SH:  0    Dex: 18    Spells: 7/7 levels left

rFire   . . .        a - +0 shortbow
rCold   . . .        (shield currently unavailable)
rNeg    . . .        c - +0 leather armour
rPois   .            (no helmet)
rElec   .            (no cloak)
rCorr   .            (no gloves)
SInv    .            (no boots)
Will    .....        (no amulet)
Stlth   ++           d - +4 ring of protection
HPRegen 0.27/turn    l - +5 ring of evasion
MPRegen 0.12/turn

%: no passive effects
@: no status effects
A: no striking features
a: no special abilities


You were on level 5 of the Dungeon.
You visited 1 branch of the dungeon, and saw 5 of its levels.

You collected 322 gold pieces.


   Skills:
 - Level 3.0 Fighting
 + Level 12.0 Ranged Weapons
 - Level 5.0 Dodging
 - Level 1.2 Stealth


You had 7 spell levels left.
You didn't know any spells.
Your spell library was empty.

Inventory:

Hand Weapons
 a - a +0 shortbow (weapon)
Armour
 c - a +0 leather armour (worn)
 e - a +0 ring mail
Jewellery
 d - a +4 ring of protection (left hand)
 g - a ring of resist corrosion
 l - a +5 ring of evasion (right hand)
Potions
 b - a potion of might
 f - a potion of cancellation
 h - a potion of mutation
 j - a potion of curing {unknown}

Dungeon Overview and Level Annotations

Branches:
Dungeon (5/15)
 Temple: D:4-7

Altars:
Trog

Shops:
D:1 :


Message History

The orc priest calls down the wrath of Beogh upon you.
Beogh smites you!
A wight comes into view. It is wielding a +0 hand axe.
Enter note:
Enter note:
Enter note:
Enter note:
Enter note:
Enter note:
4742 ||| RETREEEEATING.
The orc priest closely misses you.
You shoot an arrow. The arrow hits the orc priest.
The orc priest is severely wounded.
The wight misses you.
The orc priest calls down the wrath of Beogh upon you.
You struggle to resist.
You shoot an arrow. The arrow hits the orc priest!
You kill the orc priest!
The wight misses you.
Your Dodging skill increases to level 5!
Enter note:
Enter note:
Enter note: You shoot an arrow.
The arrow hits the wight.
The wight is moderately damaged.
The wight misses you.
You shoot an arrow. The arrow hits the wight.
The wight is moderately damaged.
The wight barely misses you.
The orc priest calls down the wrath of Beogh upon you.
Pain shoots through your body!
You shoot an arrow.
The arrow hits the wight but does no damage.
The wight is moderately damaged.
You shoot an arrow. The arrow hits the wight.
The wight is severely damaged.
The wight hits you with a +4 flail!
The orc priest mumbles some strange prayers to Beogh against you.
Pain shoots through your body!
You die...

#......# ##..##
#......# #....
#......# .#####....
#####...##......|....
#.[.))...##.#####.###
#........# #.#
#........# #..
#........# #.#
#...@....# #.#
#...ozz..# #.#
#####........ #.
......... z#####...#
.. .... ## ... ..


You could see 2 wights and an orc priest.

Vanquished Creatures
  Pikel (D:4)
  A lemure (D:4)
  A phantom (D:5)
  2 hounds (D:5)
  A bombardier beetle (D:5)
  4 orc priests
  An iguana (D:5)
  2 orc wizards (D:5)
  15 gnolls (D:4)
  7 adders
  5 dart slugs
  6 ribbon worms
  9 orcs
  A bat (D:2)
  7 endoplasms
  9 goblins
  10 hobgoblins
  5 jackals
  5 quokkas
  8 ball pythons
  9 kobolds
  14 rats
123 creatures vanquished.

Notes
Turn   | Place    | Note
-------+----------+-------------------------------------------
     0 | D:1      | qw the Deep Elf Hunter began the quest for the Orb.
     0 | D:1      | Reached XP level 1. HP: 12/12 MP: 3/3
     0 | D:1      | 0 ||| qw: Version: 0.3-a-155-g5e7d8dd
     0 | D:1      | 0 ||| qw: Game counter: 2521
     0 | D:1      | 0 ||| qw: Melee chars always use a shield: true
     0 | D:1      | 0 ||| qw: God list: Okawaru
     0 | D:1      | 0 ||| qw: Allow faded altars: false
     0 | D:1      | 0 ||| qw: Do Orc after clearing Dungeon:15 true
     0 | D:1      | 0 ||| qw: Do second Lair branch before Depths: true
     0 | D:1      | 0 ||| qw: Lair rune preference: random
     0 | D:1      | 0 ||| qw: Goals: Normal
     0 | D:1      | 0 ||| PLANNING D:1-11
   150 | D:1      | Reached skill level 6 in Ranged Weapons
   150 | D:1      | Reached XP level 2. HP: 16/16 MP: 4/4
   150 | D:1      | Found Antul's Book Boutique.
   548 | D:1      | Reached XP level 3. HP: 18/20 MP: 5/5
   938 | D:1      | 938 ||| UPGRADING to +4 ring of protection.
   939 | D:1      | 939 ||| READING scroll labelled WAGUINL LYUTUPS.
   940 | D:1      | 940 ||| READING 2 scrolls labelled OWEBROTISE.
   940 | D:1      | 940 ||| IDENTIFYING glowing black potion
   941 | D:1      | 941 ||| READING scroll of identify.
   941 | D:1      | 941 ||| IDENTIFYING dark potion
   942 | D:1      | 942 ||| DROPPING scroll of butterflies.
  1005 | D:2      | Reached skill level 7 in Ranged Weapons
  1005 | D:2      | Reached XP level 4. HP: 17/25 MP: 6/6
  1059 | D:2      | 1059 ||| FLEEEEING.
  1434 | D:2      | Reached skill level 8 in Ranged Weapons
  2062 | D:2      | 2062 ||| UPGRADING to +5 ring of evasion.
  2063 | D:2      | 2063 ||| READING scroll labelled GOIFAOJYSM.
  2064 | D:2      | 2064 ||| READING scroll labelled QORHAM BAIWAGIHU.
  2065 | D:2      | 2065 ||| READING 2 scrolls labelled KAMYGACOHE.
  2166 | D:2      | 2166 ||| READING scroll labelled ULEGALI FIETH.
  2167 | D:2      | 2167 ||| READING scroll labelled BEJOYN MOITWEC.
  2168 | D:2      | 2168 ||| DROPPING scroll of silence.
  2170 | D:2      | 2170 ||| Stepping ~*~*~tactically~*~*~ (cloud).
  2174 | D:2      | HP: 6/25 [poisoned by you (poison gas)]
  2179 | D:2      | HP: 2/25 [poisoned by you (poison gas)]
  2295 | D:3      | 2295 ||| STAIRDANCE
  2454 | D:3      | Reached XP level 5. HP: 29/29 MP: 7/7
  2823 | D:3      | 2823 ||| READING scroll labelled TISOH GUORHI.
  2924 | D:3      | 2924 ||| READING scroll labelled TERIOM ATYUFO.
  3060 | D:4      | Reached skill level 9 in Ranged Weapons
  3115 | D:4      | Reached skill level 3 in Dodging
  3172 | D:4      | Noticed a lemure
  3172 | D:4      | Noticed a lemure
  3173 | D:4      | 3173 ||| RETREEEEATING.
  3175 | D:4      | 3175 ||| RETREEEEATING.
  3177 | D:4      | 3177 ||| RETREEEEATING.
  3179 | D:4      | 3179 ||| RETREEEEATING.
  3180 | D:4      | 3180 ||| ZAPPING wand of light (6) at 0,1 (lemure; floor).
  3181 | D:4      | 3181 ||| ZAPPING wand of light (5) at 0,1 (lemure; floor).
  3182 | D:4      | 3182 ||| ZAPPING wand of light (4) at 0,1 (lemure; floor).
  3182 | D:4      | Killed a lemure
  3183 | D:4      | Noticed Pikel
  3184 | D:4      | 3184 ||| ZAPPING wand of light (3) at 1,4 (Pikel; floor).
  3185 | D:4      | 3185 ||| ZAPPING wand of light (2) at 0,3 (Pikel; floor).
  3186 | D:4      | 3186 ||| ZAPPING wand of light (1) at 0,2 (Pikel; floor).
  3187 | D:4      | Noticed a lemure
  3189 | D:4      | Killed Pikel
  3190 | D:4      | Reached skill level 11 in Ranged Weapons
  3190 | D:4      | Reached XP level 6. HP: 27/35 MP: 8/8
  3190 | D:4      | Reached XP level 7. HP: 30/40 MP: 9/9
  3661 | D:4      | 3661 ||| FLEEEEING.
  3662 | D:4      | 3662 ||| FLEEEEING.
  3679 | D:4      | Found a bloodstained altar of Trog.
  4231 | D:4      | 4231 ||| DROPPING ring of see invisible.
  4232 | D:4      | 4232 ||| READING 2 scrolls of identify.
  4232 | D:4      | 4232 ||| IDENTIFYING emerald potion
  4233 | D:4      | 4233 ||| READING scroll of identify.
  4233 | D:4      | 4233 ||| IDENTIFYING golden potion
  4234 | D:4      | 4234 ||| READING scroll labelled SAOBLA FEICIE.
  4235 | D:4      | 4235 ||| DROPPING potion of degeneration.
  4283 | D:5      | Entered Level 5 of the Dungeon
  4384 | D:5      | Reached skill level 12 in Ranged Weapons
  4520 | D:5      | Reached skill level 3 in Fighting
  4520 | D:5      | Reached XP level 8. HP: 27/46 MP: 10/10
  4523 | D:5      | HP: 9/46 [orc priest/divine providence (13)]
  4538 | D:5      | HP: 8/46 [hound (4)]
  4741 | D:5      | HP: 11/46 [orc priest/divine providence (15)]
  4742 | D:5      | 4742 ||| RETREEEEATING.
  4746 | D:5      | HP: 11/46 [orc priest/nerve-wracking pain (1)]
  4748 | D:5      | HP: 5/46 [wight/+4 flail (7)]
  4748 | D:5      | Killed from afar by an orc priest

Levels and vault maps discovered:
D:1:      dpeg_arrival_boxes_within_box, layout_loops_ring, serial_shops, shop,
          serial_forest, infiniplex_forest_diagonal, infiniplex_forest_split,
          infiniplex_forest_corner_2, infiniplex_forest_straight_5,
          infiniplex_forest_clump_small, infiniplex_forest_zigzag_2,
          minmay_rat_gold_closets
D:2:      cheibrodos_pilgrimage, layout_basic, minmay_tetromino_o2
D:3:      wander_river, layout_loops_ring
D:4:      cheibrodos_greedy_goblins, layout_basic,
          mainiacjoe_overflow_surrounded_room, serial_corexii_hall,
          corexii_hall_statues_x, chequers_hall_statues_corner_a,
          chequers_garden, uniq_pikel
D:5:      kennysheep_steamy, layout_basic, minmay_stone_trees_small

Skill      XL: |  1  2  3  4  5  6  7  8 |
---------------+-------------------------+-----
Ranged Weapons | 6 7 8 11 12 | 12.0
Dodging        | 3 4 5 |  5.0
Fighting       | 2 3 |  3.0
Stealth        | |  1.2

Action                     |  1- 3 |  4- 6 |  7- 9 || total
---------------------------+-------+-------+-------++-------
   Fire: Shortbow          |    87 |   208 |   202 ||   497
  Evoke: Wand              |       |     6 |       ||     6
    Use: Scroll            |     3 |     7 |     3 ||    13
 Armour: Leather armour    |    13 |    50 |    29 ||    92
  Dodge: Dodged            |    19 |    73 |    88 ||   180

Table legend:
 A = Non-vault XP
 B = Vault XP
 C = Vault XP percentage of total XP
 D = Non-vault monster count
 E = Vault monster count
 F = Vault count percentage of total count
                 A         B        C        D         E       F
            +---------+---------+-------+---------+---------+-------
      Total |     919 |     700 |  43.2 |     101 |      21 |  17.2
            +---------+---------+-------+---------+---------+-------
        D:1 |      43 |       9 |  17.3 |      24 |       9 |  27.3
        D:2 |      66 |      62 |  48.4 |      25 |       5 |  16.7
        D:3 |      38 |       0 |   0.0 |       8 |       0 |   0.0
        D:4 |     281 |     629 |  69.1 |      27 |       7 |  20.6
        D:5 |     491 |       0 |   0.0 |      17 |       0 |   0.0
            +---------+---------+-------+---------+---------+-------
